 Dungeon Crawl Stone Soup version 0.30-a0-632-g346586fe48 (webtiles) character file.

Game seed: 6543218838212051679

1535 bmack86 the Cleaver (level 8, -2/71 HPs)
             Began as a Minotaur Fighter on Jan 13, 2023.
             Killed by nerve-wracking pain
             ... invoked by a shadow imp
              (5 damage)
             ... on level 6 of the Dungeon.
             The game lasted 00:12:00 (3936 turns).

bmack86 the Cleaver (Minotaur Fighter)              Turns: 3936, Time: 00:12:01

Health: -2/71      AC: 13    Str: 23    XL:     8   Next: 55%
Magic:  7/7        EV:  7    Int: 11    God:
Gold:   272        SH:  5    Dex: 10    Spells: 7/7 levels left

rFire   . . .      SeeInvis .    a - +0 war axe
rCold   . . .      Faith    .    c - +0 buckler
rNeg    . . .      Spirit   .    k - +0 chain mail
rPois   .          Reflect  .    p - +2 hat
rElec   .          Harm     .    m - +0 cloak
rCorr   .          Rampage  .    (no gloves)
Will    .....                    (no boots) Stlth
                                 r - amulet of regeneration
HPRegen 1.11/turn                w - +6 ring of intelligence
MPRegen 0.10/turn                (no ring)

@: no status effects
A: horns 2, retaliatory headbutt
a: no special abilities


You were on level 6 of the Dungeon.
You visited 1 branch of the dungeon, and saw 6 of its levels.

You collected 272 gold pieces.

Inventory:

Hand Weapons
 a - a +0 war axe (weapon)
Missiles
 o - 9 poisoned darts (quivered)
Armour
 b - a +0 scale mail
 c - a +0 buckler (worn)
 k - a +0 chain mail (worn)
 m - a +0 cloak (worn)
 p - a +2 hat (worn)
Jewellery
 r - an amulet of regeneration (around neck)
 w - a +6 ring of intelligence (left hand)
Scrolls
 d - 2 scrolls of fog
 f - 3 scrolls of teleportation
 g - 2 scrolls of amnesia
 l - 2 scrolls of immolation
 q - 3 scrolls of fear
Potions
 e - 2 potions of ambrosia
 h - 6 potions of curing
 i - a potion of haste
 j - 2 potions of attraction
 n - a potion of lignification
 s - a potion of cancellation
 t - a potion of brilliance {unknown}
 u - 2 potions of might
 v - a potion of mutation
 x - a potion of resistance


   Skills:
 + Level 6.4 Fighting
 * Level 8.0 Axes
 + Level 3.7 Throwing
 + Level 6.3 Armour
 + Level 6.4 Shields


You had 7 spell levels left.
You didn't know any spells.
Your spell library contained the following spells:

 Spells                   Type           Power      Damage    Failure   Level
 Apportation              Tloc           0%         N/A       97%         1
 Necrotise                Necr           0%         1d4       97%         1
 Summon Small Mammal      Summ           0%         N/A       97%         1
 Ensorcelled Hibernation  Hex/Ice        0%         N/A       99%         2
 Passwall                 Tmut/Erth      0%         N/A       99%         2
 Ignite Poison            Fire/Tmut/Pois 0%         N/A       100%        3
 Swiftness                Air            0%         N/A       100%        3
 Sticky Flame             Conj/Fire      0%         2d3       100%        4
 Ignition                 Fire           0%         3d3       100%        8


Dungeon Overview and Level Annotations

Branches:
Dungeon (6/15)
 Temple: D:4-7

Altars:
Wu Jian


Innate Abilities, Weirdness & Mutations

You have a pair of horns on your head.
You reflexively headbutt those who attack you in melee.


Message History

The killer bee stings you but does no damage.
You hit the killer bee.
The killer bee is moderately wounded.
The killer bee stings you.
* * * LOW HITPOINT WARNING * * *
The killer bee stings you but does no damage.
You slash the killer bee!
The killer bee is almost dead.
The killer bee stings you but does no damage.
The killer bee barely misses you.
You closely miss the killer bee.
The killer bee is almost dead.
The killer bee stings you.
* * * LOW HITPOINT WARNING * * *
The killer bee barely misses you. The killer bee stings you.
* * * LOW HITPOINT WARNING * * *
You closely miss the killer bee. Your headbutt misses the killer bee.
The killer bee is almost dead.
The killer bee stings you but does no damage.
You block the killer bee's attack.
You closely miss the killer bee.
The killer bee is almost dead.
The killer bee stings you but does no damage.
You block the killer bee's attack. The killer bee barely misses you.
You barely miss the killer bee. Your headbutt misses the killer bee.
The killer bee is almost dead.
The killer bee stings you but does no damage.
The killer bee barely misses you. You furiously retaliate!
You headbutt the killer bee.
You kill the killer bee!
Your Axes skill increases to level 8!
The shadow imp gestures at you. Pain shoots through your body!
* * * LOW HITPOINT WARNING * * *
You see here a killer bee corpse.
You hit the shadow imp.
The shadow imp is heavily wounded.
The shadow imp gestures at you. Pain shoots through your body!
You die...

#.##.##.#..#.# .#
#.##.[.....#.##.#
..
#....[.....#.##.#
#.##.##.##......# #
#.##.##.#.#########
#..................
..##.##.#.#########
..##.##.#†.#
.........##@#
...#######.5.#
#...# #...# #...#
#...# #...# .....


You could see a shadow imp.

Vanquished Creatures
  Edmund (D:5)
  A black bear (D:5)
  A centaur (D:5)
  A bullfrog (D:6)
  A necrophage (D:4)
  3 scorpions (D:4)
  5 killer bees (D:6)
  A howler monkey (D:5)
  A jelly (D:5)
  4 orc priests (D:5)
  4 hounds
  A gnoll bouda (D:4)
  Jessica (D:3)
  An iguana (D:5)
  2 orc wizards
  Robin (D:2)
  6 gnolls (D:4)
  6 adders
  2 white imps (D:5)
  2 ufetubi
  A worm (D:3)
  10 dart slugs
  19 orcs
  8 ball pythons
  9 endoplasms
  A giant cockroach (D:3)
  12 goblins
  8 hobgoblins
  12 jackals
  7 kobolds
  3 quokkas
  4 bats
  A frilled lizard (D:2)
  4 rats
144 creatures vanquished.

Notes
Turn   | Place    | Note
-------+----------+-------------------------------------------
     0 | D:1      | bmack86 the Minotaur Fighter began the quest for the Orb.
     0 | D:1      | Reached XP level 1. HP: 19/19 MP: 0/0
   192 | D:1      | Found a faded altar of an unknown god.
   202 | D:1      | Reached XP level 2. HP: 27/27 MP: 1/1
   331 | D:1      | Reached skill level 3 in Axes
   374 | D:1      | You fall into a shaft and drop 1 floor!
   810 | D:2      | Noticed Robin
   814 | D:2      | Reached XP level 3. HP: 23/33 MP: 2/2
   823 | D:2      | Killed Robin
  1067 | D:2      | Found an ornate altar of the Wu Jian Council.
  1229 | D:2      | Reached XP level 4. HP: 12/40 MP: 3/3
  1437 | D:3      | Reached skill level 4 in Axes
  1523 | D:3      | Noticed Jessica
  1533 | D:3      | Killed Jessica
  1932 | D:3      | Reached XP level 5. HP: 47/47 MP: 4/4
  2090 | D:3      | Reached skill level 1 in Throwing
  2120 | D:4      | Reached skill level 5 in Axes
  2120 | D:4      | Reached XP level 6. HP: 26/53 MP: 5/5
  2445 | D:4      | Reached skill level 5 in Fighting
  2445 | D:4      | Reached skill level 5 in Armour
  2445 | D:4      | Reached skill level 5 in Shields
  2656 | D:4      | Reached XP level 7. HP: 60/61 MP: 6/6
  2693 | D:4      | Reached skill level 6 in Axes
  2927 | D:5      | Entered Level 5 of the Dungeon
  3441 | D:5      | Reached skill level 7 in Axes
  3441 | D:5      | Reached XP level 8. HP: 70/70 MP: 7/7
  3571 | D:5      | Identified the +6 dagger "Wioniehi" {flame, rElec}
  3708 | D:5      | Noticed Edmund
  3723 | D:5      | Killed Edmund
  3935 | D:6      | Reached skill level 8 in Axes
  3935 | D:6      | HP: 2/71 [shadow imp/nerve-wracking pain (9)]
  3936 | D:6      | Killed from afar by a shadow imp

Illustrated notes

Levels and vault maps discovered:
D:1:      dpeg_arrival_radiant, layout_loops_ring, basic_ecumenical_altar
D:2:      layout_rooms, basic_altar, uniq_robin
D:3:      kennysheep_slugbush, layout_basic, uniq_jessica
D:4:      layout_loops_cross, reono_crystal_passage, minmay_joined_circles
D:5:      layout_gridville, minmay_fractal_squares_diagonal_5, uniq_edmund
D:6:      layout_loops_cross, temple_doors_e, uniq_duvessa

Skill      XL: |  1  2  3  4  5  6  7  8 |
---------------+-------------------------+-----
Axes           | 3 4 5 7 8 |  8.0
Shields        | 4 5 6 |  6.4
Fighting       | 4 5 6 |  6.4
Armour         | 4 5 6 |  6.3
Throwing       | 1 2 3 |  3.7

Action                   |  1- 3 |  4- 6 |  7- 9 || total
-------------------------+-------+-------+-------++-------
Melee: War axe           |    66 |   133 |   135 ||   334
       Headbutt          |     9 |    23 |    20 ||    52
Throw: Dart              |       |     2 |     3 ||     5
  Use: Scroll            |     7 |     5 |     3 ||    15
       Potion            |       |     1 |     1 ||     2
Armor: Scale mail        |    58 |    78 |    37 ||   173
       Chain mail        |       |       |    62 ||    62
Dodge: Dodged            |    53 |    87 |    80 ||   220
Block: Buckler           |    21 |    39 |    51 ||   111

Table legend: (Time is in decaauts)
 A = Elapsed time spent in this place.
 B = Non-inter-level travel time spent in this place.
 C = Inter-level travel time spent in this place.
 D = Time resting spent in this place.
 E = Time spent auto-exploring this place.
 F = Levels seen in this place.
 G = Mean time per level.
                   A        B        C        D        E       F      G
               +--------+--------+--------+--------+--------+-----+--------+
         Total |   4061 |   3951 |    110 |    263 |   1862 |   6 |  676.8 |
       Dungeon |   4061 |   3951 |    110 |    263 |   1862 |   6 |  676.8 |
               +--------+--------+--------+--------+--------+-----+--------+

Top non-repeatable levels by time:
     D:5: 886 daAuts
     D:4: 867 daAuts
     D:3: 823 daAuts
     D:1: 736 daAuts
     D:2: 605 daAuts
     D:6: 142 daAuts
